 Dungeon Crawl Stone Soup version 0.20.1-1-g8b1a95d (webtiles) character file.

1416 polve the Carver (level 8, -7/54 HPs)
             Began as a Tengu Berserker on July 22, 2017.
             Was a Priest of Trog.
             Killed by Freeze
             ... invoked by polve's ghost
              (10 damage)
             ... on level 5 of the Dungeon.
             The game lasted 00:05:10 (5017 turns).

polve the Carver (Tengu Berserker)                  Turns: 5017, Time: 00:05:11

Health: -7/54      AC:  7    Str: 18    XL:     8   Next: 71%
Magic:  9/9        EV: 12    Int:  7    God:    Trog [***...]
Gold:   299        SH:  0    Dex: 16    Spells: 7/7 levels left

rFire    . . .     SeeInvis .   a - +0 falchion
rCold    . . .     Gourm    .   (no shield)
rNeg     . . .     Faith    .   n - +0 leather armour
rPois    .         Spirit   .   j - +2 hat
rElec    .         Reflect  .   b - +0 cloak
rCorr    .         Harm     .   s - +0 pair of gloves
MR       .....                  (boots unavailable)
Stlth    +.........             (no amulet)
Regen    0.2/turn               (no ring)
MPRegen  0.2/turn               (no ring)

@: berserk cooldown, starving, slowed, very slow
A: beak, talons 3, able to fly 1
a: Fly, Berserk, Trog's Hand, Burn Spellbooks, Renounce Religion


You were on level 5 of the Dungeon.
You worshipped Trog.
Trog was most pleased with you.
You were starving.

You visited 1 branch of the dungeon, and saw 5 of its levels.

You collected 299 gold pieces.

Inventory:

Hand Weapons
 a - a +0 falchion (weapon)
Armour
 b - a +0 cloak (worn)
 j - a +2 hat (worn)
 n - a +0 leather armour (worn)
 s - a +0 pair of gloves (worn)
Wands
 x - a wand of digging (5/24)
 A - a wand of acid (8/15)
Scrolls
 e - 2 scrolls of enchant armour {unknown}
 g - 5 scrolls of enchant weapon {unknown}
 k - 4 scrolls of remove curse {unknown}
 l - 4 scrolls of teleportation {unknown}
 p - 4 scrolls of identify {unknown}
 v - 2 scrolls of immolation {unknown}
 w - a scroll of amnesia {unknown}
 y - a scroll of fear {unknown}
Potions
 d - 5 potions of heal wounds {unknown}
 f - a potion of curing {unknown}
 h - 2 potions of might {unknown}
 m - 3 potions of lignification {unknown}
 q - 2 potions of agility {unknown}
 t - a potion of berserk rage {unknown}
 u - 2 potions of brilliance {unknown}
 B - 2 potions of degeneration {unknown}
Comestibles
 c - 7 bread rations
 i - 4 fruits
 o - 2 meat rations
 r - a royal jelly


   Skills:
 + Level 8.0 Fighting
 + Level 8.8 Long Blades
 - Level 2.1 Armour
 - Level 2.1 Dodging


You had 7 spell levels left.
You didn't know any spells.

Dungeon Overview and Level Annotations

Branches:
Dungeon (5/15)
 Temple: D:4-7

Altars:
Cheibriados
Makhleb
Qazlal
Yredelemnul

Annotations:
D:5 polve's ghost, novice MfIE


Innate Abilities, Weirdness & Mutations

You have a beak for a mouth.
You have claws for feet.
You can fly.


Message History

Your peck misses polve's ghost.
Polve's ghost is almost destroyed.
You barely miss polve's ghost. Your kick misses polve's ghost.
Your peck misses polve's ghost.
Polve's ghost is almost destroyed.
You are no longer berserk.
You are exhausted.
You feel yourself slow down. Polve's ghost hits you!
* * * LOW HITPOINT WARNING * * *
You closely miss polve's ghost.
Polve's ghost is almost destroyed.
Polve's ghost closely misses you.
You hit polve's ghost but do no damage. Your kick misses polve's ghost.
Your peck misses polve's ghost.
Polve's ghost is almost destroyed.
Polve's ghost hits you.
* * * LOW HITPOINT WARNING * * *
Polve's ghost gestures at you while chanting.
You are frozen.
You die...

........#
.......#.......#
#######
.......#.......#
.......'.......#
########.......#
#............#
#....).......######
#.....#######......
#.....# #......
####W@...# #......
..!........#
#......
........†..#
#......
...........#
###'###
...........#
#.....'
..?........#
#.....#
...........#
#.....#
...........#
#.....# '##......#
##'####


You could see polve's ghost.

Vanquished Creatures
  Pikel (D:5)
  Menkaure (D:4)
  Duvessa (D:5)
  2 phantoms (D:4)
  The ghost of foolusion the Magician, an amateur DsWz (D:3)
  Dowan (D:5)
  2 hounds (D:5)
  A centaur skeleton (D:4)
  An orc priest (D:4)
  Crazy Yiuf (D:2)
  A bullfrog skeleton (D:5)
  An orc wizard (D:4)
  3 worker ants
  6 adders
  A gnoll (D:5)
  2 oozes
  4 worms
  3 leopard geckos
  7 orcs
  4 bats
  7 giant cockroaches
  12 goblins
  3 hobgoblins
  4 jackals (D:2)
  A quokka (D:2)
  3 frilled lizards
  12 kobolds
  A leopard gecko skeleton (D:5)
  6 rats
  3 plants (D:1)
96 creatures vanquished.

Vanquished Creatures (others)
  2 jackals (D:5)
2 creatures vanquished.

Grand Total: 98 creatures vanquished

Notes
Turn   | Place    | Note
-------+----------+-------------------------------------------
     0 | D:1      | polve the Tengu Berserker began the quest for the Orb.
     0 | D:1      | Reached XP level 1. HP: 14/14 MP: 2/2
   186 | D:1      | Reached XP level 2. HP: 19/19 MP: 3/3
   790 | D:2      | Reached XP level 3. HP: 10/23 MP: 4/4
  1323 | D:2      | Reached ** piety under Trog
  1369 | D:2      | Reached XP level 4. HP: 29/29 MP: 5/5
  1572 | D:2      | Found a basalt altar of Yredelemnul.
  1583 | D:2      | Found a stormy altar of Qazlal.
  1629 | D:2      | Found a runed door.
  1750 | D:2      | Noticed Crazy Yiuf
  1754 | D:2      | Killed Crazy Yiuf
  1969 | D:3      | Gained mutation: You can fly. [Tengu growth]
  1969 | D:3      | Reached XP level 5. HP: 29/34 MP: 6/6
  2097 | D:3      | Noticed foolusion's ghost (amateur DsWz)
  2104 | D:3      | Killed foolusion's ghost
  2104 | D:3      | Reached skill level 5 in Long Blades
  2242 | D:3      | Found a faded altar of an unknown god.
  2723 | D:4      | Found a snail-covered altar of Cheibriados.
  2823 | D:4      | Reached skill level 5 in Fighting
  2823 | D:4      | Reached XP level 6. HP: 33/40 MP: 7/7
  2899 | D:4      | Noticed Menkaure
  2906 | D:4      | Killed Menkaure
  3404 | D:4      | Noticed a phantom
  3415 | D:4      | Noticed a phantom
  3436 | D:4      | Killed a phantom
  3436 | D:4      | Reached XP level 7. HP: 34/45 MP: 8/8
  3453 | D:4      | HP: 2/45 [phantom (2)]
  3454 | D:5      | Entered Level 5 of the Dungeon
  3556 | D:5      | Noticed polve's ghost (novice MfIE)
  4250 | D:4      | Reached *** piety under Trog
  4388 | D:5      | Found a burning altar of Makhleb.
  4534 | D:5      | Noticed Dowan
  4536 | D:5      | Noticed Duvessa
  4551 | D:5      | Killed Duvessa
  4551 | D:5      | Reached XP level 8. HP: 52/52 MP: 9/9
  4556 | D:5      | Killed Dowan
  4752 | D:5      | Noticed Pikel
  4767 | D:5      | Killed Pikel
  5017 | D:5      | Killed from afar by polve's ghost

Skill      XL: |  1  2  3  4  5  6  7  8 |
---------------+-------------------------+-----
Long Blades    | 4 5 6 7 8 |  8.8
Fighting       | 4 5 6 8 |  8.0
Armour         | |  2.1
Dodging        | |  2.1

Action                   |  1- 3 |  4- 6 |  7- 9 || total
-------------------------+-------+-------+-------++-------
Melee: Falchion          |   172 |    93 |   116 ||   381
       Kick              |    70 |    26 |    42 ||   138
       Peck              |    52 |    23 |    25 ||   100
Invok: Berserk           |       |     3 |     4 ||     7
 Stab: Distracted        |       |     1 |       ||     1
  Eat: Chunk             |     2 |     8 |     7 ||    17
       Fruit             |       |       |     1 ||     1
Armor: Animal skin       |     7 |       |       ||     7
       Leather armour    |    19 |    28 |    27 ||    74
Dodge: Dodged            |    39 |    47 |    59 ||   145
       Rpst.: Falchion   |    18 |    15 |    15 ||    48
